 Dungeon Crawl Stone Soup version 0.31.0-11-ge490571c62 (webtiles) character file.

Game seed: 3319296626191471204

18377 qw the Markself (level 12, 0/72 HPs)
             Began as a Deep Elf Hunter on Feb 5, 2024.
             Was a High Priest of Okawaru.
             Shot with an arrow by Nessos (4 damage)
             ... on level 3 of the Lair of Beasts.
             The game lasted 00:05:09 (7838 turns).

qw the Markself (Deep Elf Hunter)                   Turns: 7838, Time: 00:05:10

Health: 0/72       AC: 19    Str: 10    XL:     12   Next: 27%
Magic:  16/21      EV: 20    Int: 19    God:    Okawaru [*****.]
Gold:   310        SH:  0    Dex: 21    Spells: 11/11 levels left

rFire   . . .        q - +0 orcbow (flame)
rCold   . . .        (shield currently unavailable)
rNeg    . . .        m - +0 troll leather armour {Pargi}
rPois   .            p - +2 hat {SInv}
rElec   .            l - +2 cloak
rCorr   +            b - +2 pair of gloves
SInv    +            j - +1 pair of boots
Will    +....        (no amulet)
Stlth   ++           k - +4 ring of protection
HPRegen 1.12/turn    t - ring of resist corrosion
MPRegen 0.17/turn

%: no passive effects
@: lethally poisoned (0 -> -29), finesse-ful
A: iridescent scales 1, agile 1, clever 1
a: Renounce Religion, Heroism, Finesse, Duel


You were on level 3 of the Lair of Beasts.
You worshipped Okawaru.
Okawaru was extremely pleased with you.
You visited 2 branches of the dungeon, and saw 12 of its levels.

You collected 533 gold pieces.
You spent 223 gold pieces at shops.


Innate Abilities, Weirdness & Mutations

You are partially covered in iridescent scales. (AC +2)
You are agile. (Dex +4, Str/Int -1)
Your mind is acute. (Int +4, Str/Dex -1)


   Skills:
 + Level 7.4 Fighting
 - Level 16.1 Ranged Weapons
 - Level 3.6 Armour
 - Level 12.0 Dodging
 - Level 1.2 Stealth
 - Level 10.0 Invocations


You had 11 spell levels left.
You didn't know any spells.
Your spell library was empty.

Inventory:

Hand Weapons
 q - a +0 orcbow of flaming (weapon)
Armour
 b - a +2 pair of gloves (worn)
 j - a +1 pair of boots (worn)
 l - a +2 cloak (worn)
 m - a +0 troll leather armour (worn) {Pargi}
 n - a +2 robe of fire resistance
 p - a +2 hat of see invisible (worn)
Jewellery
 k - a +4 ring of protection (left hand)
 r - a ring of ice
 t - a ring of resist corrosion (right hand)
Wands
 h - a wand of iceblast (6)
 o - a wand of acid (6)
Scrolls
 c - 7 scrolls of teleportation
 u - a scroll of identify
Potions
 a - 5 potions of heal wounds
 d - 3 potions of mutation
 e - a potion of enlightenment
 f - a potion of cancellation
 g - a potion of might
 i - 11 potions of curing
 s - 2 potions of magic
 v - a potion of haste {unknown}

Dungeon Overview and Level Annotations

Branches:
Dungeon (8/15)             Temple (0/1) D:6            Lair (4/5) D:8
 Spider (0/4) Lair:2
  Swamp: Lair:2-3    Shoals: Lair:2-3     Slime: Lair:4-5

Altars:
Dithmenos
Kikubaaqudgha
Nemelex Xobeh
Okawaru
Uskayaw
Xom

Shops:
D:1 ((?   D:2 !   D:6 !==

Annotations:
Lair:3 Nessos


Message History

You are poisoned.
You shoot an arrow. The arrow hits Nessos!
The arrow burns Nessos.
Nessos is moderately wounded.
You feel sick.
Nessos shoots an arrow.
The arrow closely misses you.
You shoot an arrow.
The arrow hits Nessos but does no damage.
Nessos is moderately wounded.
You feel sick.
You shoot an arrow. The arrow hits Nessos!
The arrow burns Nessos.
Nessos is heavily wounded.
Nessos shoots an arrow.
The arrow hits you! The arrow burns you.
You are more poisoned.
You shoot an arrow. The arrow hits Nessos!
The arrow burns Nessos.
Nessos is heavily wounded.
You feel very sick.
Nessos shoots an arrow.
The arrow hits you! The arrow burns you.
You are more poisoned.
You shoot an arrow.
The arrow hits Nessos but does no damage.
Nessos is heavily wounded.
You feel very sick.
Nessos shoots an arrow.
The arrow misses you.
You shoot an arrow.
The arrow hits Nessos but does no damage.
Nessos is heavily wounded.
You feel very sick.
Nessos gestures wildly while chanting.
Nessos blinks!
You shoot an arrow.
The arrow hits Nessos but does no damage.
Nessos is heavily wounded.
You feel very sick.
Nessos stands on their hind legs for a moment.
Nessos shoots an arrow.
The arrow misses you.
You shoot an arrow. The arrow hits Nessos.
The arrow burns Nessos.
Nessos is severely wounded.
You feel very sick.
Nessos shoots an arrow.
The arrow hits you!! The arrow burns you.
You are more poisoned.
You die...

....##.# .#
##......###.##
#............##
#....##.......~
#...#........
#...#........ +......P# #
# #...##.##.###~~ #
########......@.....~~
###..##.##............~~
......................ยค~
........................
....................$...
........................
........................
.##.P##.#...........c...
.#...###...........


You could see Nessos (fast).

Vanquished Creatures
  4 hydras
  A two-headed ogre (D:8)
  An orb spider (Lair:2)
  2 oklob plants
  2 elephants (Lair:3)
  2 black mambas
  2 cane toads (Lair:1)
  3 rime drakes
  3 komodo dragons
  2 polar bears
  17 blink frogs
  Grinder (D:5)
  Sigmund (D:5)
  A wyvern (Lair:2)
  2 basilisks
  2 steam dragons (D:7)
  Menkaure (D:5)
  Duvessa (D:6)
  6 water moccasins
  An orc warrior (D:8)
  12 ice beasts
  A black bear (D:7)
  Pargi (D:4)
  2 ogres (D:5)
  15 wolves
  6 centaurs
  A kobold brigand (D:8)
  Blork the orc (D:6)
  12 bullfrogs
  A gnoll sergeant (D:7)
  A scorpion (D:6)
  Dowan (D:6)
  2 howler monkeys
  A bombardier beetle (D:4)
  6 hounds
  A gnoll bouda (D:8)
  3 orc priests
  3 sleepcaps (D:6)
  3 iguanas
  6 orc wizards
  13 gnolls
  An adder (D:6)
  A river rat (D:4)
  A white imp (D:8)
  2 ufetubi (D:6)
  2 dart slugs
  A ribbon worm (D:4)
  22 orcs
  4 bats
  3 endoplasms
  4 giant cockroaches
  6 hobgoblins
  11 kobolds
  4 quokkas
  5 ball pythons
  A frilled lizard (D:1)
  11 goblins
  2 rats
228 creatures vanquished.

Notes
Turn   | Place    | Note
-------+----------+-------------------------------------------
     0 | D:1      | qw the Deep Elf Hunter began the quest for the Orb.
     0 | D:1      | Reached XP level 1. HP: 12/12 MP: 3/3
     0 | D:1      | 0 ||| qw: Version: 0.3-a-160-g6735b56
     0 | D:1      | 0 ||| qw: Game counter: 6543
     0 | D:1      | 0 ||| qw: Melee chars always use a shield: true
     0 | D:1      | 0 ||| qw: God list: Okawaru
     0 | D:1      | 0 ||| qw: Allow faded altars: false
     0 | D:1      | 0 ||| qw: Do Orc after clearing Dungeon:15 true
     0 | D:1      | 0 ||| qw: Do second Lair branch before Depths: true
     0 | D:1      | 0 ||| qw: Lair rune preference: random
     0 | D:1      | 0 ||| qw: Goals: Normal
     0 | D:1      | 0 ||| PLANNING D:1-11
    38 | D:1      | Found a faded altar of an unknown god.
    87 | D:1      | Found Ruruusik's Magic Scroll Shoppe.
    94 | D:1      | 94 ||| SHOPLISTING scroll of acquirement (520 gold, have
                  | 2).
    94 | D:1      | 94 ||| SHOPLISTING scroll of enchant weapon (75 gold, have
                  | 2).
    94 | D:1      | 94 ||| SHOPLISTING scroll of teleportation (30 gold, have
                  | 2).
   219 | D:1      | Found Lojyrev's Antique Weapon Shop.
   221 | D:1      | Reached XP level 2. HP: 16/16 MP: 4/4
   230 | D:1      | Reached skill level 6 in Ranged Weapons
   234 | D:1      | 234 ||| SHOPLISTING runed arbalest (202 gold, have 2).
   234 | D:1      | 234 ||| SHOPLISTING runed shortbow (162 gold, have 2).
   290 | D:1      | Found Xemaidd's Weapon Emporium.
   545 | D:1      | 545 ||| UPGRADING to +0 ring mail.
   555 | D:1      | 555 ||| DROPPING +0 leather armour.
   556 | D:1      | 556 ||| UPGRADING to +0 pair of boots.
   561 | D:1      | 561 ||| READING scroll labelled ZEEDUN LOTILOO.
   561 | D:1      | 561 ||| IDENTIFYING murky ruby potion
   562 | D:1      | 562 ||| READING scroll labelled UMUIDD OHEBI.
   565 | D:1      | 565 ||| DRINKING 3 inky potions.
   565 | D:1      | Gained mutation: You are agile. (Dex +4, Str/Int -1)
                  | [potion of mutation]
   565 | D:1      | Gained mutation: Your mind is acute. (Int +4, Str/Dex -1)
                  | [potion of mutation]
   565 | D:1      | Gained mutation: You are partially covered in iridescent
                  | scales. (AC +2) [potion of mutation]
   566 | D:1      | 566 ||| DROPPING scroll of butterflies.
   665 | D:2      | Reached XP level 3. HP: 20/20 MP: 5/5
   860 | D:2      | 860 ||| RETREEEEATING.
   864 | D:2      | Reached skill level 7 in Ranged Weapons
   943 | D:2      | Found Jaiducs's Distillery.
   958 | D:2      | 958 ||| BUYING potion of curing (36 gold).
   958 | D:2      | Bought a potion of curing for 36 gold pieces
   958 | D:2      | 958 ||| SHOPLISTING potion of haste (120 gold, have 25).
   958 | D:2      | 958 ||| SHOPLISTING potion of heal wounds (60 gold, have
                  | 25).
   958 | D:2      | 958 ||| SHOPLISTING potion of might (48 gold, have 25).
   958 | D:2      | 958 ||| SHOPLISTING potion of resistance (120 gold, have
                  | 25).
  1000 | D:2      | Reached XP level 4. HP: 25/25 MP: 6/6
  1144 | D:2      | 1144 ||| READING scroll of identify.
  1144 | D:2      | 1144 ||| IDENTIFYING blue potion
  1145 | D:2      | 1145 ||| DROPPING potion of attraction.
  1614 | D:3      | 1614 ||| UPGRADING to +2 cloak.
  1619 | D:3      | 1619 ||| UPGRADING to +4 ring of protection.
  1620 | D:3      | 1620 ||| READING 2 scrolls of identify.
  1620 | D:3      | 1620 ||| IDENTIFYING murky sapphire potion
  1621 | D:3      | 1621 ||| READING scroll of identify.
  1621 | D:3      | 1621 ||| IDENTIFYING fuming golden potion
  1622 | D:3      | 1622 ||| READING scroll labelled HIOBRE REROCLE.
  1623 | D:3      | 1623 ||| DROPPING potion of ambrosia.
  1642 | D:4      | 1642 ||| PLANNING SEWER
  1757 | D:4      | Reached skill level 8 in Ranged Weapons
  1810 | D:4      | Reached XP level 5. HP: 11/29 MP: 7/7
  2238 | D:4      | Noticed Pargi
  2251 | D:4      | Killed Pargi
  2252 | D:4      | Reached skill level 9 in Ranged Weapons
  2252 | D:4      | Reached XP level 6. HP: 24/34 MP: 8/8
  2429 | D:4      | 2429 ||| RIP SEWER
  2459 | D:4      | 2459 ||| PLANNING D:1-11
  2471 | D:4      | Reached skill level 1 in Armour
  2580 | D:4      | 2580 ||| SWAPPING to +0 orcbow.
  2583 | D:4      | 2583 ||| DROPPING +0 shortbow.
  2744 | D:4      | 2744 ||| UPGRADING to +0 troll leather armour {Pargi}.
  2754 | D:4      | 2754 ||| DROPPING +0 ring mail.
  2755 | D:4      | 2755 ||| READING scroll labelled RASSERHICE.
  2756 | D:4      | 2756 ||| DRINKING 2 clear potions.
  2803 | D:4      | 2803 ||| DROPPING potion of lignification.
  2883 | D:5      | Entered Level 5 of the Dungeon
  2886 | D:5      | Noticed Grinder
  2892 | D:5      | Killed Grinder
  2893 | D:5      | Reached XP level 7. HP: 40/40 MP: 9/9
  2931 | D:5      | Noticed Menkaure
  2932 | D:5      | 2932 ||| RETREEEEATING.
  2938 | D:5      | Reached skill level 10 in Ranged Weapons
  2940 | D:5      | Killed Menkaure
  2956 | D:5      | Reached skill level 11 in Ranged Weapons
  2997 | D:5      | Noticed Sigmund
  3006 | D:5      | Killed Sigmund
  3007 | D:5      | Reached XP level 8. HP: 44/44 MP: 10/10
  3038 | D:5      | Reached skill level 12 in Ranged Weapons
  3146 | D:5      | 3146 ||| UPGRADING to +2 pair of gloves.
  3151 | D:5      | 3151 ||| UPGRADING to +2 hat of see invisible.
  3156 | D:5      | 3156 ||| READING 2 scrolls of identify.
  3156 | D:5      | 3156 ||| IDENTIFYING red potion
  3157 | D:5      | 3157 ||| READING scroll of identify.
  3157 | D:5      | 3157 ||| IDENTIFYING lumpy white potion
  3158 | D:5      | 3158 ||| READING scroll labelled ABAPNE CESOT.
  3185 | D:6      | Found Syqaehou's Distillery.
  3193 | D:6      | 3193 ||| BUYING 2 potions of curing (66 gold).
  3193 | D:6      | Bought 2 potions of curing for 66 gold pieces
  3193 | D:6      | 3193 ||| SHOPLISTING 2 potions of haste (220 gold, have
                  | 144).
  3193 | D:6      | 3193 ||| BUYING potion of curing (33 gold).
  3193 | D:6      | Bought a potion of curing for 33 gold pieces
  3193 | D:6      | 3193 ||| BUYING potion of curing (33 gold).
  3193 | D:6      | Bought a potion of curing for 33 gold pieces
  3193 | D:6      | 3193 ||| SHOPLISTING potion of haste (110 gold, have 78).
  3193 | D:6      | 3193 ||| BUYING potion of heal wounds (55 gold).
  3193 | D:6      | Bought a potion of heal wounds for 55 gold pieces
  3193 | D:6      | 3193 ||| SHOPLISTING potion of mutation (88 gold, have 23).
  3216 | D:6      | Noticed Duvessa
  3217 | D:6      | Noticed Dowan
  3231 | D:6      | Killed Duvessa
  3232 | D:6      | Reached skill level 3 in Fighting
  3235 | D:6      | Killed Dowan
  3327 | D:6      | Reached skill level 13 in Ranged Weapons
  3474 | D:6      | Reached skill level 6 in Dodging
  3495 | D:6      | Found a shadowy altar of Dithmenos.
  3495 | D:6      | Found a shimmering altar of Xom.
  3496 | D:6      | Found an iron altar of Okawaru.
  3497 | D:6      | 3497 ||| PLANNING OKAWARU WORSHIP
  3497 | D:6      | 3497 ||| READING 4 scrolls of identify.
  3497 | D:6      | 3497 ||| IDENTIFYING scroll labelled USKACZ KIKED
  3498 | D:6      | 3498 ||| READING scroll of enchant weapon.
  3498 | D:6      | 3498 ||| ENCHANTING +0 orcbow.
  3504 | D:6      | Became a worshipper of Warmaster Okawaru
  3505 | D:6      | 3505 ||| PLANNING D:1-11
  3540 | D:6      | Found an ancient bone altar of Kikubaaqudgha.
  3573 | D:6      | Found Lunnaotz's Jewellery Shop.
  3581 | D:6      | 3581 ||| SHOPLISTING +4 ring of slaying (936 gold, have
                  | 110).
  3581 | D:6      | 3581 ||| SHOPLISTING +5 ring of evasion (432 gold, have
                  | 110).
  3581 | D:6      | 3581 ||| SHOPLISTING ring of positive energy (240 gold,
                  | have 110).
  3581 | D:6      | 3581 ||| SHOPLISTING ring of protection from fire (300
                  | gold, have 110).
  3581 | D:6      | 3581 ||| SHOPLISTING ring of willpower (300 gold, have
                  | 110).
  3591 | D:6      | Found a staircase to the Ecumenical Temple.
  3612 | D:6      | Noticed Blork the orc
  3621 | D:6      | Killed Blork the orc
  3622 | D:6      | Reached XP level 9. HP: 40/51 MP: 11/11
  3750 | D:6      | Found Talofirgh's Jewellery Emporium.
  3758 | D:6      | 3758 ||| SHOPLISTING +6 ring of strength (504 gold, have
                  | 110).
  3758 | D:6      | 3758 ||| SHOPLISTING amulet "Bahuexec" {Spirit Will+ Slay+2
                  | Stlth+} (753 gold, have 110).
  3758 | D:6      | 3758 ||| SHOPLISTING ring "Goarchur" {rN+ Str+6 Int+3} (749
                  | gold, have 110).
  3758 | D:6      | 3758 ||| SHOPLISTING ring of poison resistance (280 gold,
                  | have 110).
  3758 | D:6      | 3758 ||| SHOPLISTING ring of positive energy (280 gold,
                  | have 110).
  3870 | D:7      | 3870 ||| FLEEEEING.
  3871 | D:7      | 3871 ||| FLEEEEING.
  3872 | D:7      | 3872 ||| FLEEEEING.
  3876 | D:7      | Reached skill level 14 in Ranged Weapons
  3901 | D:7      | 3901 ||| Stepping ~*~*~tactically~*~*~ (cloud).
  3908 | D:7      | Reached * piety under Okawaru
  3973 | D:7      | 3973 ||| RETREEEEATING.
  3977 | D:7      | 3977 ||| RETREEEEATING.
  3978 | D:7      | 3978 ||| RETREEEEATING.
  3979 | D:7      | 3979 ||| RETREEEEATING.
  3980 | D:7      | 3980 ||| RETREEEEATING.
  3981 | D:7      | 3981 ||| RETREEEEATING.
  3982 | D:7      | 3982 ||| RETREEEEATING.
  3999 | D:7      | Reached skill level 1 in Invocations
  4068 | D:7      | 4068 ||| INVOKING Heroism.
  4116 | D:7      | 4116 ||| Stepping ~*~*~tactically~*~*~ (cloud).
  4161 | D:7      | Reached skill level 3 in Invocations
  4187 | D:7      | You fall into a shaft and drop 1 floor!
  4220 | D:8      | 4220 ||| RETREEEEATING.
  4222 | D:8      | 4222 ||| RETREEEEATING.
  4282 | D:8      | Reached skill level 15 in Ranged Weapons
  4300 | D:8      | 4300 ||| READING 4 scrolls of identify.
  4300 | D:8      | 4300 ||| IDENTIFYING scroll labelled SEHEPA ATHRIL
  4301 | D:8      | 4301 ||| DROPPING scroll of fog.
  4500 | D:7      | Reached ** piety under Okawaru
  4838 | D:8      | Noticed a two-headed ogre
  4839 | D:8      | 4839 ||| INVOKING Heroism.
  4848 | D:8      | Killed a two-headed ogre
  4894 | D:8      | Reached XP level 10. HP: 56/56 MP: 15/15
  4957 | D:8      | 4957 ||| RETREEEEATING.
  4958 | D:8      | 4958 ||| RETREEEEATING.
  4959 | D:8      | 4959 ||| RETREEEEATING.
  4960 | D:8      | 4960 ||| RETREEEEATING.
  4961 | D:8      | 4961 ||| RETREEEEATING.
  4962 | D:8      | 4962 ||| RETREEEEATING.
  4993 | D:8      | Reached *** piety under Okawaru
  5057 | D:8      | Found a sparkling altar of Nemelex Xobeh.
  5089 | D:8      | 5089 ||| RETREEEEATING.
  5103 | D:8      | Reached skill level 16 in Ranged Weapons
  5170 | D:8      | Found a staircase to the Lair.
  5361 | D:8      | 5361 ||| SWAPPING to +0 orcbow of flaming.
  5362 | D:8      | 5362 ||| DROPPING +1 orcbow.
  5368 | D:8      | 5368 ||| PLANNING LAIR
  5403 | Lair:1   | Entered Level 1 of the Lair of Beasts
  5422 | Lair:1   | Found an ancient bone altar of Kikubaaqudgha.
  5422 | Lair:1   | Noticed an oklob plant
  5423 | Lair:1   | 5423 ||| INVOKING Heroism.
  5428 | Lair:1   | Killed an oklob plant
  5429 | Lair:1   | Reached skill level 9 in Dodging
  5469 | Lair:1   | Noticed a five-headed hydra
  5470 | Lair:1   | 5470 ||| INVOKING Heroism.
  5476 | Lair:1   | Killed a five-headed hydra
  5477 | Lair:1   | Reached skill level 3 in Armour
  5479 | Lair:1   | Reached **** piety under Okawaru
  5558 | Lair:1   | Noticed a cane toad
  5559 | Lair:1   | 5559 ||| INVOKING Finesse.
  5565 | Lair:1   | Killed a cane toad
  5692 | Lair:1   | Found a hide-covered altar of Uskayaw.
  5710 | Lair:1   | Noticed a cane toad
  5711 | Lair:1   | 5711 ||| INVOKING Finesse.
  5721 | Lair:1   | Killed a cane toad
  5794 | Lair:1   | Reached XP level 11. HP: 64/64 MP: 16/16
  5837 | Lair:1   | Found a dark tunnel.
  6051 | Lair:1   | 6051 ||| READING 3 scrolls of identify.
  6051 | Lair:1   | 6051 ||| IDENTIFYING 2 scrolls labelled TEAPTU JEAKH
  6052 | Lair:1   | 6052 ||| DROPPING 2 scrolls of vulnerability.
  6076 | Lair:2   | Noticed a five-headed hydra
  6077 | Lair:2   | 6077 ||| RETREEEEATING.
  6145 | Lair:2   | 6145 ||| INVOKING Finesse.
  6152 | Lair:2   | Killed a five-headed hydra
  6153 | Lair:2   | Reached skill level 6 in Fighting
  6153 | Lair:2   | Noticed a seven-headed hydra
  6164 | Lair:2   | Killed a seven-headed hydra
  6165 | Lair:2   | Reached skill level 6 in Invocations
  6263 | Lair:2   | 6263 ||| RETREEEEATING.
  6293 | Lair:2   | 6293 ||| RETREEEEATING.
  6294 | Lair:2   | 6294 ||| RETREEEEATING.
  6296 | Lair:2   | 6296 ||| RETREEEEATING.
  6297 | Lair:2   | 6297 ||| RETREEEEATING.
  6298 | Lair:2   | 6298 ||| RETREEEEATING.
  6299 | Lair:2   | 6299 ||| RETREEEEATING.
  6300 | Lair:2   | 6300 ||| RETREEEEATING.
  6301 | Lair:2   | 6301 ||| RETREEEEATING.
  6302 | Lair:2   | 6302 ||| RETREEEEATING.
  6303 | Lair:2   | 6303 ||| RETREEEEATING.
  6304 | Lair:2   | 6304 ||| RETREEEEATING.
  6305 | Lair:2   | 6305 ||| RETREEEEATING.
  6306 | Lair:2   | 6306 ||| RETREEEEATING.
  6307 | Lair:2   | 6307 ||| RETREEEEATING.
  6308 | Lair:2   | 6308 ||| RETREEEEATING.
  6309 | Lair:2   | 6309 ||| RETREEEEATING.
  6310 | Lair:2   | 6310 ||| RETREEEEATING.
  6311 | Lair:2   | 6311 ||| RETREEEEATING.
  6312 | Lair:2   | 6312 ||| RETREEEEATING.
  6313 | Lair:2   | 6313 ||| RETREEEEATING.
  6314 | Lair:2   | 6314 ||| RETREEEEATING.
  6315 | Lair:2   | 6315 ||| RETREEEEATING.
  6316 | Lair:2   | 6316 ||| RETREEEEATING.
  6317 | Lair:2   | 6317 ||| RETREEEEATING.
  6318 | Lair:2   | 6318 ||| RETREEEEATING.
  6423 | Lair:2   | You fall into a shaft and drop 2 floors!
  6531 | Lair:4   | 6531 ||| RETREEEEATING.
  6535 | Lair:4   | 6535 ||| RETREEEEATING.
  6538 | Lair:4   | 6538 ||| RETREEEEATING.
  6549 | Lair:4   | Reached ***** piety under Okawaru
  6575 | Lair:4   | 6575 ||| READING 2 scrolls of identify.
  6575 | Lair:4   | 6575 ||| IDENTIFYING glowing black potion
  6576 | Lair:4   | 6576 ||| READING scroll of identify.
  6576 | Lair:4   | 6576 ||| IDENTIFYING 2 bubbling brown potions
  6577 | Lair:4   | 6577 ||| READING scroll labelled EGAXTILLUG.
  6578 | Lair:4   | 6578 ||| READING scroll labelled ZAXUSU XUELLUCU.
  6578 | Lair:4   | 6578 ||| ENCHANTING +0 pair of boots.
  6579 | Lair:4   | 6579 ||| READING scroll labelled ZOROPUOGET.
  6607 | Lair:4   | 6607 ||| DROPPING potion of brilliance.
  6692 | Lair:3   | Noticed an oklob plant
  6693 | Lair:3   | 6693 ||| INVOKING Finesse.
  6699 | Lair:3   | Killed an oklob plant
  6796 | Lair:3   | Noticed a six-headed hydra
  6797 | Lair:3   | 6797 ||| INVOKING Finesse.
  6805 | Lair:3   | Killed a six-headed hydra
  6855 | Lair:3   | 6855 ||| RETREEEEATING.
  6856 | Lair:3   | 6856 ||| RETREEEEATING.
  6857 | Lair:3   | 6857 ||| RETREEEEATING.
  6858 | Lair:3   | 6858 ||| RETREEEEATING.
  6859 | Lair:3   | 6859 ||| RETREEEEATING.
  6860 | Lair:3   | 6860 ||| RETREEEEATING.
  6861 | Lair:3   | 6861 ||| RETREEEEATING.
  6863 | Lair:3   | 6863 ||| RETREEEEATING.
  6864 | Lair:3   | 6864 ||| RETREEEEATING.
  6865 | Lair:3   | 6865 ||| RETREEEEATING.
  6866 | Lair:3   | 6866 ||| RETREEEEATING.
  6867 | Lair:3   | 6867 ||| RETREEEEATING.
  6868 | Lair:3   | 6868 ||| RETREEEEATING.
  6870 | Lair:3   | 6870 ||| RETREEEEATING.
  6871 | Lair:3   | 6871 ||| RETREEEEATING.
  6872 | Lair:3   | 6872 ||| RETREEEEATING.
  6902 | Lair:3   | Reached skill level 9 in Invocations
  6941 | Lair:3   | 6941 ||| DROPPING +0 pair of boots of rampaging.
  6942 | Lair:3   | 6942 ||| READING scroll labelled AVUHIZ LEUROURR.
  6951 | Lair:3   | 6951 ||| RETREEEEATING.
  6954 | Lair:3   | 6954 ||| RETREEEEATING.
  6955 | Lair:3   | 6955 ||| RETREEEEATING.
  6956 | Lair:3   | 6956 ||| RETREEEEATING.
  6957 | Lair:3   | 6957 ||| RETREEEEATING.
  6958 | Lair:3   | 6958 ||| RETREEEEATING.
  6959 | Lair:3   | 6959 ||| RETREEEEATING.
  6960 | Lair:3   | 6960 ||| RETREEEEATING.
  6972 | Lair:3   | Reached XP level 12. HP: 65/72 MP: 20/20
  7100 | Lair:2   | Found a hole to the Spider Nest.
  7270 | Lair:2   | 7270 ||| RETREEEEATING.
  7298 | Lair:2   | Received a gift from Okawaru
  7299 | Lair:2   | Reached skill level 12 in Dodging
  7599 | Lair:2   | 7599 ||| UPGRADING to ring of resist corrosion.
  7829 | Lair:3   | Noticed Nessos
  7830 | Lair:3   | 7830 ||| INVOKING Finesse.
  7838 | Lair:3   | HP: 4/72 [Nessos/arrow (19)]
  7838 | Lair:3   | Shot with an arrow by Nessos

Levels and vault maps discovered:
D:1:      dpeg_arrival_fog, layout_loops_ring, serial_shops,
          nicolae_shop_tiny_waterfront, shop, shop,
          hellmonk_ecumenical_altar_run_dry
D:2:      layout_basic, serial_shops, nicolae_shop_crystal
D:3:      layout_basic
D:4:      layout_basic, gup_sewer_entry_spiral, uniq_pargi
D:5:      layout_basic, uniq_grinder, uniq_menkaure, uniq_sigmund
D:6:      layout_basic, mainiacjoe_overflow_concentric_impassable,
          gammafunk_temple_overflow_forgotten, temple_pool_b, serial_shops,
          shop, shop, shop, nrook_mini_vaults, uniq_blork_the_orc, uniq_duvessa
D:7:      layout_basic
D:8:      layout_cave_pools, mainiacjoe_overflow_small_starburst,
          hellmonk_lair_entry_icy
Lair:1:   layout_long_grid, basic_altar, nicolae_volcano_entry_two_sided,
          dreamdust_mushroom_princess, lemuel_oklob_altar
Lair:2:   layout_long_grid, nicolae_spider_entry_orb_guardian,
          grunt_megastairs_3
Lair:3:   layout_regular_city, minmay_shoals_entry_hut, lemuel_fruit_fields,
          uniq_nessos
Lair:4:   layout_small_grid

Skill      XL: |  1  2  3  4  5  6  7  8  9 10 11 12 |
---------------+-------------------------------------+-----
Ranged Weapons | 6 7 8 9 11 13 15 16 | 16.1
Fighting       | 2 3 5 7 |  7.4
Armour         | 1 3 |  3.6
Dodging        | 5 6 8 10 11 12 | 12.0
Invocations    | 4 9 10 | 10.0
Stealth        | |  1.2

Action                     |  1- 3 |  4- 6 |  7- 9 | 10-12 || total
---------------------------+-------+-------+-------+-------++-------
   Fire: Shortbow          |    81 |   107 |       |       ||   188
         Orcbow            |       |    25 |   326 |   594 ||   945
 Invoke: Heroism           |       |       |     2 |     2 ||     4
         Finesse           |       |       |       |     6 ||     6
    Use: Scroll            |     2 |     5 |     6 |     7 ||    20
         Potion            |     1 |     1 |       |       ||     2
 Armour: Leather armour    |     2 |       |       |       ||     2
         Ring mail         |    13 |   105 |       |       ||   118
         Troll leather arm |       |       |    80 |   147 ||   227
  Dodge: Dodged            |    15 |    26 |    93 |   244 ||   378

Table legend:
 A = Non-vault XP
 B = Vault XP
 C = Vault XP percentage of total XP
 D = Non-vault monster count
 E = Vault monster count
 F = Vault count percentage of total count
                 A         B        C        D         E       F
            +---------+---------+-------+---------+---------+-------
      Total |   19521 |    6732 |  25.6 |     194 |      34 |  14.9
            +---------+---------+-------+---------+---------+-------
        D:1 |      30 |       0 |   0.0 |      18 |       0 |   0.0
        D:2 |      70 |       0 |   0.0 |      17 |       0 |   0.0
        D:3 |      14 |       0 |   0.0 |       7 |       0 |   0.0
        D:4 |     336 |     154 |  31.4 |      19 |       7 |  26.9
        D:5 |     484 |     665 |  57.9 |      14 |       3 |  17.6
        D:6 |     887 |     320 |  26.5 |      18 |       3 |  14.3
        D:7 |    1263 |       0 |   0.0 |      21 |       0 |   0.0
        D:8 |    1618 |    2317 |  58.9 |      21 |      15 |  41.7
     Lair:1 |    2785 |     565 |  16.9 |      10 |       1 |   9.1
     Lair:2 |    3734 |    2711 |  42.1 |      20 |       5 |  20.0
     Lair:3 |    6410 |       0 |   0.0 |      22 |       0 |   0.0
     Lair:4 |    1890 |       0 |   0.0 |       7 |       0 |   0.0
            +---------+---------+-------+---------+---------+-------
